 Dungeon Crawl Stone Soup version 0.23-a0-321-g6bcb69f (webtiles) character file.

80 mhoghedin the Skirmisher (level 3, 0/31 HPs)
             Began as a Demigod Fighter on Oct 15, 2018.
             Slain by a worm (5 damage)
             ... on level 3 of the Dungeon.
             The game lasted 00:01:14 (1378 turns).

mhoghedin the Skirmisher (Demigod Fighter)          Turns: 1378, Time: 00:01:15

Health: 0/31       AC:  6    Str: 21    XL:     3   Next: 98%
Magic:  0/5        EV:  8    Int: 12    God:
Gold:   50         SH:  9    Dex: 15    Spells: 2/2 levels left

rFire    . . .     SeeInvis .   a - +0 long sword
rCold    . . .     Gourm    .   c - +0 shield
rNeg     . . .     Faith    .   b - +0 scale mail
rPois    .         Spirit   +   (no helmet)
rElec    .         Reflect  .   (no cloak)
rCorr    .         Harm     .   (no gloves)
MR       .....     Rnd*Tele +   (no boots)
Stlth    ..........             k - amulet of guardian spirit {Spirit}
HPRegen  0.10/turn              e - ring of teleportation (curse) {+/*tele, !d}
MPRegen  0.09/turn              (no ring)

@: lethally poisoned (0 -> -4)
A: high mp 1
a: no special abilities


You were on level 3 of the Dungeon.
You were not hungry.

You visited 1 branch of the dungeon, and saw 3 of its levels.

You collected 50 gold pieces.

Inventory:

Hand Weapons
 a - a +0 long sword (weapon)
Armour
 b - a +0 scale mail (worn)
 c - a +0 shield (worn)
 g - a +0 cloak
   (You found it on level 1 of the Dungeon)
Jewellery
 e - a cursed ring of teleportation (left hand) {+/*tele, !d}
   (You found it on level 1 of the Dungeon)
 k - an amulet of guardian spirit (around neck) {Spirit}
   (You found it on level 1 of the Dungeon)
Scrolls
 i - 3 scrolls of remove curse {unknown}
 n - a scroll of blinking {unknown}
 o - a scroll of fear {unknown}
Potions
 d - a potion of might
 h - a potion of flight {unknown}
 j - a potion of haste {unknown}
 l - a potion of curing {unknown}
 m - a potion of heal wounds {unknown}
Comestibles
 f - 3 rations
 p - a chunk of flesh {@w0}


   Skills:
 + Level 3.1 Fighting
 + Level 2.3 Long Blades
 + Level 3.1 Armour
 + Level 1.3 Dodging
 + Level 3.1 Shields


You had 2 spell levels left.
You didn't know any spells.
Your spell library was empty.

Dungeon Overview and Level Annotations

Branches:
Dungeon (3/15)


Innate Abilities, Weirdness & Mutations

You have an increased reservoir of magic. (+10% MP)


Message History

You see here a dart slug corpse.
You see here a +0 dagger.
You see here a dart slug corpse.
There is a stone staircase leading up here.
Eating one of 2 chunks of flesh {@w0}.
You eat one of the 2 chunks of flesh {@w0}.
Done exploring.
Done exploring.
Done exploring.
No target in view!
(D) Dungeon
Where to? (Enter - D:2, ? - help)
You see here a spear.
There is a stone staircase leading down here.
You climb downwards.
An adder comes into view.
There is a stone staircase leading up here.
An adder is nearby!
An adder is nearby!
The adder bites you. The adder barely misses you.
You riposte.
You hit the adder.
You see here a dagger.
You now have 4/5 mp.
Your shield and scale mail prevent you from hitting the adder.
The adder bites you but does no damage.
You miss the adder. You block the adder's attack.
The adder completely misses you.
You closely miss the adder. The adder barely misses you.
You riposte.
You hit the adder but do no damage. The adder barely misses you.
You miss the adder. The adder barely misses you. The adder bites you.
You take 2 damage, and have 29/31 hp.
You slash the adder!
You kill the adder!
No target in view!
No target in view!
No target in view!
No target in view!
No target in view!
You are suddenly yanked towards some nearby monsters!
Your surroundings suddenly seem different.
An adder comes into view.
The adder hisses angrily.
An adder comes into view.
The adder hisses angrily.
A worm comes into view.
There are monsters nearby!
You miss the adder. You block the adder's attack. The adder bites you.
You take 2 damage, and have 28/31 hp.
You slash the adder! You block the adder's attack. The worm bites you!
You take 7 damage, and have 21/31 hp.
MASSIVE DAMAGE!!
You miss the adder. The adder bites you but does no damage.
You block the adder's attack. x2
Your shield and scale mail prevent you from hitting the adder.
The adder barely misses you. You block the adder's attack. The worm bites you.
The adder bites you but does no damage. The adder barely misses you.
You riposte.
You slash the adder!
You kill the adder!
You take 3 damage, and have 18/31 hp.
You now have 3/5 mp.
You are too injured to fight recklessly!
You are too injured to fight recklessly!
You closely miss the adder. The adder bites you but does no damage.
The worm bites you but does no damage. The adder bites you but does no damage.
You completely miss the adder. The adder closely misses you.
You riposte.
You slash the adder! The adder bites you but does no damage.
The worm bites you but does no damage.
You hit the adder but do no damage. You block the adder's attack.
The adder bites you but does no damage. The worm bites you.
You take 2 damage, and have 17/31 hp.
You now have 2/5 mp.
You barely miss the adder. The adder closely misses you.
You riposte.
You barely miss the adder.
Your shield and scale mail prevent you from hitting the adder.
The adder bites you but does no damage. The worm bites you but does no damage.
You block the adder's attack.
Your shield prevents you from hitting the adder.
You block the adder's attack. The worm bites you but does no damage.
The adder barely misses you.
You riposte.
You closely miss the adder. You closely miss the adder.
You block the adder's attack. You block the worm's attack. The adder bites you.
You take 2 damage, and have 15/31 hp.
You closely miss the adder. The adder closely misses you.
You riposte.
You closely miss the adder. The worm bites you.
You take 2 damage, and have 13/31 hp.
You miss the adder. The adder bites you.
You are poisoned.
The adder poisons you! You block the adder's attack. The worm bites you!
* * * LOW HITPOINT WARNING * * *
You take 7 damage, and have 6/31 hp.
MASSIVE DAMAGE!!
You now have 1/5 mp.
You hit the adder.
You kill the adder!
* * * LOW HITPOINT WARNING * * *
You feel sick.
* * * LOW HITPOINT WARNING * * *
You feel sick. You block the worm's attack.
You take 1 damage, and have 5/31 hp.
You barely miss the worm. The worm closely misses you.
You slash the worm! The worm bites you.
You die...

##########
.........#
.........#
.........#
......w@.#
.........#
.........#
..........
..........#
#..........
#...........
#............


You could see a worm.

Vanquished Creatures
  5 adders
  2 worms (D:2)
  2 dart slugs
  2 giant cockroaches
  3 hobgoblins (D:1)
  3 jackals (D:2)
  A quokka (D:2)
  6 bats
  A frilled lizard (D:2)
  3 goblins (D:2)
  A kobold (D:2)
  A rat (D:1)
30 creatures vanquished.

Notes
Turn   | Place    | Note
-------+----------+-------------------------------------------
     0 | D:1      | mhoghedin the Demigod Fighter began the quest for the Orb.
     0 | D:1      | Reached XP level 1. HP: 18/18 MP: 3/3
   367 | D:1      | Reached skill level 2 in Long Blades
   472 | D:1      | Reached XP level 2. HP: 25/25 MP: 4/4
   730 | D:2      | Reached skill level 3 in Fighting
   730 | D:2      | Reached skill level 3 in Armour
   796 | D:2      | Reached skill level 3 in Shields
   801 | D:2      | Reached XP level 3. HP: 30/31 MP: 3/5
   936 | D:2      | Reached skill level 1 in Dodging
  1374 | D:3      | HP: 6/31 [worm (6)]
  1378 | D:3      | Slain by a worm

Vault maps used:
D:1:      wheals_arrival_linesprint
D:3:      nemelex_xobeh_ov_fountains_minmay

Skill      XL: |  1  2  3 |
---------------+----------+-----
Long Blades    | 2 |  2.3
Fighting       | 3 |  3.1
Armour         | 3 |  3.1
Shields        | 3 |  3.1
Dodging        | 1 |  1.3

Action                   || total
-------------------------++-------
Melee: Long sword        ||   141
  Eat: Chunk             ||     2
Armor: Scale mail        ||    89
Dodge: Dodged            ||    59
Block: Shield            ||    90
       Rpst.: Long sword ||    22

Table legend:
 A = Non-vault XP
 B = Vault XP
 C = Vault XP percentage of total XP
 D = Non-vault monster count
 E = Vault monster count
 F = Vault count percentage of total count
                 A         B        C        D         E       F
            +---------+---------+-------+---------+---------+-------
      Total |     115 |       0 |   0.0 |      30 |       0 |   0.0
            +---------+---------+-------+---------+---------+-------
        D:1 |      18 |       0 |   0.0 |      10 |       0 |   0.0
        D:2 |      58 |       0 |   0.0 |      17 |       0 |   0.0
        D:3 |      39 |       0 |   0.0 |       3 |       0 |   0.0
            +---------+---------+-------+---------+---------+-------

Vault maps used:
D:1:      wheals_arrival_linesprint
D:3:      nemelex_xobeh_ov_fountains_minmay

Table legend:
 A = Turns spent in this place as a percentage of turns spent in the entire game.
 B = Non-inter-level travel turns spent in this place as a percentage of non-inter-level travel turns spent in the entire game.
 C = Inter-level travel turns spent in this place as a percentage of turns spent in this place.
 D = Turns resting spent in this place as a percentage of non-inter-level travel turns spent in this place.
 E = Turns spent auto-exploring this place as a percentage of non-inter-level travel turns spent in this place.
 F = Non-inter-level travel turns spent in this place divided by the number of levels of this place that you've seen.
                   A       B       C       D       E      F
               +-------+-------+-------+-------+-------+----------------------
         Total | 100.0 | 100.0 |   7.6 |   0.0 |  80.7 | 424.3
       Dungeon | 100.0 | 100.0 |   7.6 |   0.0 |  80.7 | 424.3
               +-------+-------+-------+-------+-------+----------------------

Table legend:
 A = Kills in this place as a percentage of kills in entire the game.
 B = Kills by you in this place as a percentage of kills by you in the entire game.
 C = Kills by friends in this place as a percentage of kills by friends in the entire game.
 D = Other kills in this place as a percentage of other kills in the entire game.
 E = Experience gained in this place as a percentage of experience gained in the entire game.
 F = Experience gained in this place divided by the number of levels of this place that you have seen.
                   A       B       C       D       E      F
               +-------+-------+-------+-------+-------+----------------------
         Total | 100.0 | 100.0 |   N/A |   N/A | 100.0 |  38.3
       Dungeon | 100.0 | 100.0 |   N/A |   N/A | 100.0 |  38.3
               +-------+-------+-------+-------+-------+----------------------
